 Dungeon Crawl Stone Soup version 0.17-a0-1582-ge6b0260 (webtiles) character file.

11279 Chiseanne the Covert (level 11, -3/86 HPs)
             Began as a Demonspawn Wanderer on July 27, 2015.
             Was an Elder of Dithmenos.
             Incinerated by koelner's ghost (5 damage)
             ... with a sticky flame
             ... on level 11 of the Dungeon.
             The game lasted 00:46:04 (13921 turns).

Chiseanne the Covert (Demonspawn Wanderer)         Turns: 13921, Time: 00:46:04

Health: -3/86      AC:  8    Str: 12    XL:     11   Next: 47%
Magic:  17/17      EV: 19    Int: 14    God:    Dithmenos [****..]
Gold:   369        SH: 12    Dex: 24    Spells: 0 memorised, 18 levels left

rFire  . . .     SeeInvis .     a - +3 war axe
rCold  + . .     Clarity  .     U - +2 robe {rC+}
rNeg   + . .     SustAt   .     H - +1 shield
rPois  .         Gourm    .     (no helmet)
rElec  .         Spirit   .     D - +0 cloak
rCorr  .         Warding  .     C - +0 pair of gloves
rMut   .         Stasis   .     (no boots)
MR     .....                    W - amulet of faith
Stlth  +++.......               b - +3 ring of dexterity
                                i - ring of positive energy

@: agile, liquid flames, about to teleport, very slightly contaminated, glowing,
not resistant to hostile enchantments, fairly stealthy
A: talons 2, thin metallic scales 1, nightstalker 1, powered by pain 2
a: Shadow Step, Renounce Religion


You were on level 11 of the Dungeon.
You worshipped Dithmenos.
Dithmenos was greatly pleased with you.
You were not hungry.

You visited 2 branches of the dungeon, and saw 13 of its levels.

You collected 743 gold pieces.
You spent 374 gold pieces at shops.

Inventory:

Hand weapons
 a - a +3 war axe (weapon)
 d - a +1 lajatang of electrocution
 f - a +1 dagger of freezing
 s - a +3 dagger of venom
 w - a +0 blowgun
 B - a +0 flail of protection
 L - the +6 quarterstaff of the Vendetta {drain, *Drain rF+ Str+4, unknown}
   (You found it on level 12 of the Dungeon)

   A truly terrible weapon, it drains the life of those it strikes.
   It affects your strength (+4).
   It protects you from fire.
   It causes draining when unequipped.
 T - a +0 rapier
Missiles
 h - 77 bolts
 j - 79 poisoned needles
 m - 6 javelins (quivered)
 y - 16 poisoned sling bullets
 M - 3 steel tomahawks
 Y - 3 steel javelins
Armour
 l - a +0 large shield
 C - a +0 pair of gloves (worn)
 D - a +0 cloak (worn)
 H - a +1 shield (worn)
 U - a +2 robe of cold resistance (worn)
Rods
 q - a +3 rod of shadows (6/11)
   (You found it on level 12 of the Dungeon)
Jewellery
 b - a +3 ring of dexterity (right hand)
 i - a ring of positive energy (left hand)
 t - an uncursed amulet of guardian spirit
 V - an uncursed ring of ice
 W - an amulet of faith (around neck)
 Z - an uncursed ring of teleportation
Magical devices
 F - a wand of confusion (27)
 G - a wand of disintegration (13)
 J - a wand of hasting (7)
 P - a wand of digging (15)
Scrolls
 c - 2 scrolls of fear
 g - 2 scrolls of enchant armour
 r - 2 scrolls of teleportation
 v - 2 scrolls of magic mapping
 z - 4 scrolls of remove curse
 O - a scroll of amnesia
 R - a scroll of fog
Potions
 n - 2 potions of cure mutation
 o - a potion of mutation {unknown}
 u - 7 potions of curing
 x - 2 potions of magic
 A - 2 potions of cancellation
 E - a potion of brilliance
 K - 2 potions of beneficial mutation {unknown}
 N - 2 potions of heal wounds
 Q - 2 potions of resistance
Books
 X - a Fen Folio

   Spells                             Type                      Level
   a - Corpse Rot                     Necromancy                   2
   b - Stone Arrow                    Conjuration/Earth            3
   c - Leda's Liquefaction            Hexes/Earth                  4
   d - Summon Forest                  Summoning/Translocation      5
   e - Hydra Form                     Transmutation                6
   f - Summon Hydra                   Summoning                    7
Comestibles
 e - 5 bread rations
 k - 3 meat rations


   Skills:
 + Level 8.0 Fighting
 - Level 3.8 Short Blades
 + Level 4.3 Axes
 - Level 5.0 Armour
 + Level 3.9 Dodging
 - Level 9.6 Stealth
 * Level 7.9 Shields
 - Level 4.0 Spellcasting
   Level 1.0 Summonings
 - Level 5.0 Invocations
 - Level 1.0 Evocations


You had 18 spell levels left.
You didn't know any spells.

Dungeon Overview and Level Annotations

Branches:
Dungeon (12/15)            Temple (1/1) D:5
   Lair: D:8-11         Orc: D:9-12

Altars:
Ashenzari
Cheibriados
Dithmenos
Elyvilon
Fedhas
Gozag
Kikubaaqudgha
Makhleb
Nemelex Xobeh
Okawaru
Qazlal
Ru
Sif Muna
Trog
Vehumet
Xom
Yredelemnul
Zin
The Shining One
Jiyva

Shops:
D:7 !

Annotations:
D:11 koelner's ghost, experienced DDFE


Innate Abilities, Weirdness & Mutations

You have razor-sharp toenails.
You are partially covered in thin metallic scales (AC +2).
You are slightly more attuned to the shadows.
You sometimes gain power by taking damage.


Message History

Koelner's ghost sprays you with burning goo.
The sticky flame hits you!
You are covered in liquid flames!
* * * LOW HITPOINT WARNING * * *
You finish eating.
That bread ration really hit the spot!
Read which item? (? for menu, Esc to quit)
Blink to where?
Press: ? - help, Dir - move target cursor You are very lightly contaminated with residual magic.
As you read the scroll of blinking, it crumbles to dust.
An ogre comes into view. It is wielding a giant spiked club.
You are covered in liquid flames!
* * * LOW HITPOINT WARNING * * *
Read which item? (? for menu, Esc to quit)
As you read the scroll of teleportation, it crumbles to dust.
You feel strangely unstable.
You are covered in liquid flames!
* * * LOW HITPOINT WARNING * * *
You are covered in liquid flames!
You die...

#...O.#
#.....#
#.....#
#.....#
#.....#
#.....#
#.@...#
#.....#
##.#### #.#
.###.#
######..##W#
#.......##.#
#...$.[.##.###
#.......#.ro.#


You could see an ogre (sleeping) and koelner's ghost.

Vanquished Creatures
  Josephine (D:10)
  Fannar (D:10)
  The ghost of Monkaria the Cleaver, an experienced DDBe of Trog (D:5)
  A gargoyle (D:10)
  Prince Ribbit (D:7)
  2 two-headed ogres
  A troll (D:12)
  A trapdoor spider (D:11)
  5 wraiths (D:10)
  2 wyverns
  A deep elf mage (D:10)
  A basilisk (D:11)
  2 hungry ghosts
  3 hippogriffs
  Duvessa (D:7)
  2 orc warriors
  A black bear (D:10)
  6 sky beasts
  2 necrophages (D:10)
  11 centaurs
  3 phantoms
  4 ice beasts
  3 ogres
  A big kobold (D:8)
  9 giant frogs
  3 gnoll sergeants
  Dowan (D:7)
  5 scorpions
  4 wights (D:9)
  2 giant frog zombies (D:10)
  A jelly (D:7)
  3 centaur skeletons
  7 crimson imps
  Ijyb (D:2)
  6 hounds
  11 orc priests
  9 orc wizards
  2 giant frog skeletons
  2 iguanas
  10 worker ants
  3 hound zombies
  14 adders
  11 gnolls
  An ooze (D:7)
  An adder skeleton (D:4)
  6 giant geckos
  47 orcs
  3 bat skeletons
  7 giant cockroaches
  7 goblins
  13 hobgoblins
  3 jackals (D:2)
  A quokka (D:5)
  3 ball pythons
  12 bats
  A giant gecko skeleton (D:5)
  5 giant newts
  A jackal zombie (D:5)
  13 kobolds
  2 quokka skeletons (D:4)
  10 rats
297 creatures vanquished.

Vanquished Creatures (others)
  A rat (D:3)
1 creature vanquished.

Grand Total: 298 creatures vanquished

Notes
Turn   | Place    | Note
--------------------------------------------------------------
     0 | D:1      | Chiseanne the Demonspawn Wanderer began the quest for the Orb.
     0 | D:1      | Chiseanne set off with: a +2 spear, the Volume of the Frostbite, a potion of lignification, a +0 robe, a bread ration
     0 | D:1      | Reached XP level 1. HP: 16/16 MP: 5/5
     1 | D:1      | Identified the Volume of the Frostbite
   393 | D:1      | Gained mutation: You have sharp toenails. [demonic ancestry]
   393 | D:1      | Reached XP level 2. HP: 20/22 MP: 7/7
   567 | D:2      | Reached skill level 1 in Armour
   856 | D:2      | Noticed Ijyb
   880 | D:2      | Killed Ijyb
   880 | D:2      | Reached XP level 3. HP: 19/28 MP: 8/8
  1419 | D:2      | Gained mutation: You are partially covered in thin metallic scales (AC +2). [demonic ancestry]
  1419 | D:2      | Reached XP level 4. HP: 12/35 MP: 10/10
  1830 | D:2      | Gained mutation: You are slightly more attuned to the shadows. [demonic ancestry]
  1830 | D:2      | Reached XP level 5. HP: 11/41 MP: 11/11
  2433 | D:3      | Found a blossoming altar of Fedhas.
  2504 | D:3      | Reached skill level 1 in Stealth
  2922 | D:3      | Found a stormy altar of Qazlal.
  2988 | D:3      | Found a radiant altar of Vehumet.
  3075 | D:3      | Gained mutation: You have razor-sharp toenails. [demonic ancestry]
  3075 | D:3      | Reached XP level 6. HP: 47/47 MP: 12/12
  3525 | D:4      | Found a deep blue altar of Sif Muna.
  3623 | D:4      | Reached skill level 1 in Short Blades
  4203 | D:4      | Gained mutation: You sometimes gain a little power by taking damage. [demonic ancestry]
  4203 | D:4      | Reached XP level 7. HP: 47/52 MP: 13/13
  4238 | D:4      | Found a sacrificial altar of Ru.
  4324 | D:5      | Entered Level 5 of the Dungeon
  4367 | D:5      | Found a sparkling altar of Nemelex Xobeh.
  4434 | D:5      | Found a staircase to the Ecumenical Temple.
  4453 | Temple   | Entered the Ecumenical Temple
  4509 | Temple   | Became a worshipper of Dithmenos the Shadowed
  4826 | D:5      | Noticed Monkaria's ghost (experienced DDBe)
  4845 | D:5      | Killed Monkaria's ghost
  4845 | D:5      | Gained mutation: You sometimes gain power by taking damage. [demonic ancestry]
  4845 | D:5      | Reached XP level 8. HP: 24/58 MP: 14/14
  4847 | D:5      | Found a blossoming altar of Fedhas.
  5163 | D:5      | Reached skill level 5 in Armour
  5365 | D:5      | Found a white marble altar of Elyvilon.
  5365 | D:5      | Found a glowing silver altar of Zin.
  5365 | D:5      | Found a glowing golden altar of the Shining One.
  5411 | D:6      | Found an iron altar of Okawaru.
  5426 | D:6      | Reached skill level 5 in Stealth
  5712 | D:6      | Found a stormy altar of Qazlal.
  6150 | D:6      | Reached skill level 6 in Stealth
  6150 | D:6      | Reached XP level 9. HP: 63/67 MP: 15/15
  6154 | D:6      | Identified a scroll of acquirement
  6403 | D:7      | Found Bofavvonn's Distillery.
  6423 | D:7      | Bought a potion of invisibility for 88 gold pieces
  6423 | D:7      | Bought a potion of berserk rage for 55 gold pieces
  6423 | D:7      | Bought a potion of cancellation for 88 gold pieces
  6423 | D:7      | Bought a potion of brilliance for 44 gold pieces
  6423 | D:7      | Bought a potion of degeneration for 11 gold pieces
  6423 | D:7      | Bought a potion of heal wounds for 55 gold pieces
  6423 | D:7      | Bought a potion of curing for 33 gold pieces
  6511 | D:7      | Reached skill level 5 in Fighting
  6714 | D:7      | Acquired Dithmenos's first power
  6719 | D:7      | Noticed Prince Ribbit
  6741 | D:7      | Killed Prince Ribbit
  6783 | D:7      | Noticed Duvessa
  6787 | D:7      | Noticed Dowan
  6789 | D:7      | Killed Duvessa
  6801 | D:7      | Killed Dowan
  7208 | D:7      | Reached skill level 7 in Stealth
  7768 | D:8      | Acquired Dithmenos's second power
  7768 | D:8      | Reached skill level 5 in Shields
  8057 | D:8      | Reached XP level 10. HP: 66/79 MP: 16/16
  8700 | D:9      | Reached skill level 8 in Stealth
  9324 | D:9      | Found a burning altar of Makhleb.
  9335 | D:9      | Found a basalt altar of Yredelemnul.
  9751 | D:9      | Reached skill level 1 in Axes
  9954 | D:10     | Entered Level 10 of the Dungeon
 10027 | D:10     | Noticed Josephine
 10203 | D:10     | Killed Josephine
 10203 | D:10     | Reached skill level 9 in Stealth
 10213 | D:10     | Acquired Dithmenos's third power
 10763 | D:10     | Reached XP level 11. HP: 85/85 MP: 12/17
 10944 | D:10     | Noticed Fannar
 10962 | D:10     | Killed Fannar
 11637 | D:10     | Reached skill level 1 in Invocations
 12279 | D:11     | Noticed koelner's ghost (experienced DDFE)
 13060 | D:11     | Reached skill level 5 in Invocations
 13089 | D:12     | Identified a +1 rod of shadows (10/10) (You found it on level 12 of the Dungeon)
 13519 | D:12     | Got a slimy quarterstaff
 13920 | D:11     | HP: 2/86 [burnt (5)]
 13921 | D:11     | Incinerated by koelner's ghost

Vault maps used:
D:1:      minmay_arrival_jagged
D:2:      columned_hall_lemuel, uniq_iyjb
D:3:      fiery_altar_vehumet, nicolae_overflow_crystal_walls,
          grunt_qazlal_sundering, minmay_misc_feat_tiny, hangedman_decor_points
D:4:      lemuel_round_altar, nicolae_ru_path_of_blood, first_bread
D:5:      good_gods_mini_temple, nemelex_xobeh_ov_fountains_minmay,
          minmay_temple_entry_statues_fountains, fedhas_altar_3
D:6:      okawaru_metal_pillars_3, basic_altar, minmay_misc_feat_doors
D:7:      serial_shops, nicolae_shop_competitors_out_of_business, uniq_duvessa,
          uniq_prince_ribbit1
D:9:      grunt_temple_overflow_open
D:10:     uniq_fannar, uniq_josephine
D:11:     david_lair_shrubbed, minmay_orc_entry_guard_dogs
D:12:     statuecave_lemuel
Temple:   pf_slimified_temple

Action                   |  1- 3 |  4- 6 |  7- 9 | 10-12 || total
-------------------------+-------+-------+-------+-------++-------
Melee: Spear             |   119 |    59 |   195 |    40 ||   413
       Dagger            |       |    93 |   427 |   261 ||   781
       Mace              |       |       |    13 |       ||    13
       War axe           |       |       |       |   204 ||   204
 Fire: Blowgun           |       |     3 |     5 |    27 ||    35
Throw: Javelin           |       |       |    28 |     9 ||    37
       Tomahawk          |       |       |    10 |       ||    10
Invok: Shadow Step       |       |       |       |     2 ||     2
Evoke: Rod               |       |       |       |     6 ||     6
  Use: Scroll            |     7 |     8 |     6 |     8 ||    29
       Potion            |     2 |     4 |     4 |     9 ||    19
 Stab: Sleeping          |       |     7 |    19 |    19 ||    45
       Invisible         |       |       |       |     3 ||     3
       Distracted        |       |       |       |     4 ||     4
  Eat: Chunk             |     1 |     7 |    16 |    16 ||    40
       Pizza             |       |     1 |       |     1 ||     2
       Beef jerky        |       |       |       |     2 ||     2
       Bread ration      |       |       |       |     1 ||     1
